[Event "Titled Tuesday Blitz February 21 Late 2023"]
[White "Buchenau, Frank"]
[Black "Aradhya, Garg"]
[WhiteFideId "4604350"]
[BlackFideId "25006746"]
[WhiteElo "2222"]
[BlackElo "2284"]
[Result "0-1"]
[Round "09"]
[TimeControl "180+2"]
[Date "2023.02.21"]
[WhiteClock "0:00:23"]
[BlackClock "0:02:08"]

1. e4 e5 2. Bc4 Nf6 3. d3 c6 4. Nf3 d5 5. Bb3 a5 6. a4 Bb4+ 7. c3 Bd6 8. exd5 cxd5 9. Na3 Bxa3 10. Rxa3 Nc6 11. d4 e4 12. Ne5 O-O 13. Bf4 Re8 14. O-O h6 15. f3 Be6 16. Bc2 Rc8 17. Qd2 exf3 18. Rxf3 Ne4 19. Qe1 f5 20. Nxc6 bxc6 21. Be5 Re7 22. b4 Rb7 23. Bd3 Qe7 24. Ba6 axb4 25. cxb4 Rxb4 26. Bxc8 Bxc8 27. a5 Ba6 28. Rfb3 Rc4 29. Rb6 Qxa3 30. Rxa6 Rc1 0-1


[Site "https://www.chess.com"]

[Event "Titled Tuesday Blitz February 21 Late 2023"]
[White "Jimenez Garcia, Emmanuel"]
[Black "Fus, Jakub"]
[WhiteFideId "6504779"]
[BlackFideId "1193023"]
[WhiteElo "2410"]
[BlackElo "2417"]
[Result "0-1"]
[Round "09"]
[TimeControl "180+2"]
[Date "2023.02.21"]
[WhiteClock "0:00:35"]
[BlackClock "0:01:10"]

1. Nf3 d5 2. g3 Bg4 3. Bg2 Nd7 4. d4 e6 5. O-O c6 6. c4 Bd6 7. Qb3 Rb8 8. Nc3 Ngf6 9. Bg5 h6 10. Bxf6 Nxf6 11. Ne5 Bf5 12. cxd5 exd5 13. e4 Bxe5 14. dxe5 Nxe4 15. Nxe4 Bxe4 16. Bxe4 dxe4 17. Qa4 e3 18. Qxa7 exf2+ 19. Rxf2 O-O 20. Raf1 Qc7 21. Rf5 g6 22. Rf6 Qxe5 23. Qf2 Qd5 24. Qf4 Kg7 25. a4 Rbd8 26. Rf2 Rde8 27. Rd2 Qg5 28. Rd7 Qxf6 0-1


[Site "https://www.chess.com"]

[Event "Titled Tuesday Blitz February 21 Late 2023"]
[White "Poeta, Caio Medeiros"]
[Black "Aydincelebi, Kagan"]
[WhiteFideId "2142660"]
[BlackFideId "6361102"]
[WhiteElo "2088"]
[BlackElo "2280"]
[Result "0-1"]
[Round "09"]
[TimeControl "180+2"]
[Date "2023.02.21"]
[WhiteClock "0:00:01"]
[BlackClock "0:00:44"]

1. d4 Nf6 2. c4 e6 3. g3 c5 4. Nf3 cxd4 5. Nxd4 Nc6 6. Bg2 Bc5 7. Nxc6 bxc6 8. O-O O-O 9. Nc3 d5 10. cxd5 cxd5 11. b3 Ba6 12. Bb2 Rc8 13. Rc1 Qe7 14. Na4 Ba3 15. Qd2 h6 16. Rfe1 Bb4 17. Bc3 Ba3 18. Bb2 Bb4 19. Bc3 Bd6 20. e3 Bb5 21. Nb2 Ba3 22. Be5 Nd7 23. Bc3 Rfd8 24. e4 dxe4 25. Bxe4 Nf6 26. Bxf6 Qxf6 27. Rxc8 Rxc8 28. Nd3 Rd8 29. Qe3 Qc3 30. Nf4 Qd2 31. h4 Bb4 32. Ra1 Qxe3 33. fxe3 Bc5 34. Kf2 Rd2+ 35. Kf3 f5 36. Bb7 e5 37. Ng2 g5 38. hxg5 hxg5 39. g4 Be2+ 40. Kg3 Bxg4 41. a4 Bd6 42. e4 Rd3+ 43. Kh2 Rh3+ 44. Kg1 Bc5+ 45. Kf1 Rh1# 0-1


[Site "https://www.chess.com"]

[Event "Titled Tuesday Blitz February 21 Late 2023"]
[White "Delorme, Axel"]
[Black "Martinez Ramirez, Lennis"]
[WhiteFideId "632023"]
[BlackFideId "3509079"]
[WhiteElo "2483"]
[BlackElo "2426"]
[Result "0-1"]
[Round "09"]
[TimeControl "180+2"]
[Date "2023.02.21"]
[WhiteClock "0:00:38"]
[BlackClock "0:00:22"]

1. e4 c5 2. Nf3 d6 3. Bb5+ Nd7 4. Ba4 a6 5. c4 Nf6 6. Nc3 g6 7. O-O Bg7 8. d3 O-O 9. h3 e5 10. a3 Nh5 11. b4 Nf4 12. Nd5 g5 13. Kh2 h6 14. Rb1 Nb6 15. Nxb6 Qxb6 16. Be3 Qc7 17. Ng1 f5 18. g3 Ne6 19. exf5 Rxf5 20. Bc2 Nd4 21. f4 exf4 22. gxf4 gxf4 23. Rxf4 Be5 24. Ne2 Nxe2 25. Qxe2 Rxf4 26. Bxf4 Bxf4+ 27. Kh1 Qc6+ 28. Kg1 Bxh3 29. d4 Re8 0-1


[Site "https://www.chess.com"]

[Event "Titled Tuesday Blitz February 21 Late 2023"]
[White "Maltsevskaya, Aleksandra"]
[Black "Jimenez Jimenez, Leandro"]
[WhiteFideId "24174041"]
[BlackFideId "6415253"]
[WhiteElo "2390"]
[BlackElo "2146"]
[Result "1-0"]
[Round "09"]
[TimeControl "180+2"]
[Date "2023.02.21"]
[WhiteClock "0:00:29"]
[BlackClock "0:00:01"]

1. Nf3 d5 2. g3 c5 3. d3 Nc6 4. Bg2 Nf6 5. O-O g6 6. Nbd2 Bg7 7. e4 O-O 8. exd5 Nxd5 9. Nc4 b5 10. Ne3 Nxe3 11. Bxe3 Qd6 12. Nd2 Bf5 13. Ne4 Bxe4 14. dxe4 Qxd1 15. Rfxd1 Nd4 16. Rd2 Rad8 17. Rad1 b4 18. c3 bxc3 19. bxc3 Ne2+ 20. Kf1 Rxd2 21. Rxd2 Nxc3 22. Bxc5 Bf6 23. Bxa7 Ra8 24. Rd7 Nb5 25. e5 Rxa7 26. Rxa7 Nxa7 27. exf6 exf6 28. Ke2 Kf8 29. Kd3 Ke7 30. Kd4 Nb5+ 31. Kc4 Na3+ 32. Kb3 Nb5 33. a4 Na7 34. Kc4 Kd6 35. f4 g5 36. a5 h6 37. a6 f5 38. Bb7 f6 39. Kb4 h5 40. h4 gxf4 41. gxf4 Kc7 42. Kc5 Kb8 43. Kb6 Nc8+ 44. Bxc8 1-0


[Site "https://www.chess.com"]

[Event "Titled Tuesday Blitz February 21 Late 2023"]
[White "Jian, Alex"]
[Black "Moral Garcia, Serafin"]
[WhiteFideId "30901022"]
[BlackFideId "2201925"]
[WhiteElo "2031"]
[BlackElo "2238"]
[Result "0-1"]
[Round "09"]
[TimeControl "180+2"]
[Date "2023.02.21"]
[WhiteClock "0:00:02"]
[BlackClock "0:00:17"]

1. d4 Nf6 2. c4 g6 3. Nc3 d5 4. cxd5 Nxd5 5. e4 Nxc3 6. bxc3 Bg7 7. Bc4 c5 8. Ne2 Nc6 9. Be3 O-O 10. O-O Qc7 11. Rc1 Rd8 12. Bf4 Qd7 13. d5 Ne5 14. Bxe5 Bxe5 15. f4 Bg7 16. Qb3 a6 17. a4 Rb8 18. Rb1 Qc7 19. Kh1 Kh8 20. e5 Bf5 21. Rbd1 Qa5 22. Ng3 b5 23. axb5 axb5 24. Be2 Bd7 25. Ra1 Qb6 26. c4 b4 27. Bf3 Bh6 28. Be4 Kg8 29. f5 Bd2 30. Qf3 Rf8 31. Qg4 Bc3 32. Rab1 Bxe5 33. Qh4 Bf6 34. Qh6 Bg7 35. Qh4 Qf6 36. Qf4 Qe5 37. Qd2 b3 38. Rbe1 Qc3 39. Qe2 Rfe8 40. Bb1 Rb4 41. fxg6 hxg6 42. Qf2 f5 43. Qxc5 Qxc4 44. Qe3 f4 45. Qf3 Rf8 46. Ne4 Bf5 47. Nd2 Qc3 48. Qe2 Bxb1 49. Nxb1 Qf6 50. Qd2 Rfb8 51. Re6 Qf5 52. Qe2 b2 53. Rxe7 Rc8 54. Re8+ Rxe8 55. Qxe8+ Kh7 56. d6 Rd4 57. Qe2 Rxd6 58. h3 Rc6 59. Qf3 Rc1 60. Kh2 Rxf1 61. Qxf1 Qc2 62. Qe1 Qc1 63. Qh4+ Bh6 64. Qe7+ Bg7 65. Qh4+ Kg8 66. Qd8+ Kf7 67. Qd7+ Kf6 68. Qd4+ Kf5 69. Qxg7 Qxb1 70. Qf7+ Ke5 71. Qg7+ Kd5 72. Qd7+ Kc4 73. Qc6+ Kd4 74. Qd6+ Ke3 75. Qe5+ Kd2 76. Qd4+ Kc2 77. Qe4+ Kc1 78. Qxf4+ Kd1 79. Qf1+ Kc2 80. Qc4+ Kd2 81. Qd4+ Ke2 82. Qc4+ Qd3 83. Qe6+ Kf2 84. Qf7+ Ke1 85. Qe6+ Qe2 0-1


[Site "https://www.chess.com"]

[Event "Titled Tuesday Blitz February 21 Late 2023"]
[White "Cori T., Deysi"]
[Black "Jovic, Stanoje"]
[WhiteFideId "3801934"]
[BlackFideId "905020"]
[WhiteElo "2362"]
[BlackElo "2075"]
[Result "0-1"]
[Round "09"]
[TimeControl "180+2"]
[Date "2023.02.21"]
[WhiteClock "0:01:14"]
[BlackClock "0:00:42"]

1. b3 Nf6 2. Bb2 e6 3. Nf3 b6 4. g3 Bb7 5. Bg2 Be7 6. O-O O-O 7. c4 c5 8. Nc3 d5 9. cxd5 exd5 10. d4 Nc6 11. Rc1 Rc8 12. dxc5 bxc5 13. Na4 Nb4 14. Bxf6 gxf6 15. Nxc5 Rxc5 16. Qd2 Qc7 17. Nd4 Bc8 18. Rxc5 Bxc5 19. Rc1 Qb6 20. e3 Bxd4 21. exd4 Bf5 22. Qf4 Nd3 23. Qxf5 Nxc1 24. Bxd5 Ne2+ 25. Kg2 Nxd4 26. Qg4+ Kh8 27. h4 f5 28. Qf4 Qf6 29. h5 Ne6 30. Qd6 Rd8 31. Qc6 f4 32. g4 Qg5 33. Bf3 Qc5 34. Qe4 Rd2 35. Qe1 Qd4 36. h6 Kg8 0-1


[Site "https://www.chess.com"]

[Event "Titled Tuesday Blitz February 21 Late 2023"]
[White "Fiorito, Francisco"]
[Black "Nilsen, Tobias Lang"]
[WhiteFideId "180165"]
[BlackFideId "1521624"]
[WhiteElo "2305"]
[BlackElo "2247"]
[Result "1-0"]
[Round "09"]
[TimeControl "180+2"]
[Date "2023.02.21"]
[WhiteClock "0:00:51"]
[BlackClock "0:00:15"]

1. d4 d5 2. Nc3 e6 3. Bf4 Nf6 4. Nb5 Na6 5. e3 c6 6. Nc3 Nc7 7. g4 Bb4 8. a3 Bxc3+ 9. bxc3 Nb5 10. Bxb5 cxb5 11. f3 Nd7 12. Ne2 Nb6 13. h4 Nc4 14. h5 f6 15. Qd3 e5 16. Bg3 Be6 17. h6 g6 18. g5 fxg5 19. dxe5 Bf5 20. Qd4 Rf8 21. O-O Qd7 22. e4 dxe4 23. fxe4 Be6 24. Rxf8+ Kxf8 25. Rf1+ Kg8 26. Rf6 Qe7 27. Bf2 b6 28. Bg3 Re8 29. Qf2 Qc5 30. Nd4 Nxe5 31. Bxe5 Qxe5 32. Nxe6 1-0


[Site "https://www.chess.com"]

[Event "Titled Tuesday Blitz February 21 Late 2023"]
[White "Petukhov, Dmitry"]
[Black "Leve, Nitai"]
[WhiteFideId "4142748"]
[BlackFideId "2006898"]
[WhiteElo "2350"]
[BlackElo "2128"]
[Result "1-0"]
[Round "09"]
[TimeControl "180+2"]
[Date "2023.02.21"]
[WhiteClock "0:00:08"]
[BlackClock "0:00:05"]

1. e4 e6 2. d4 d5 3. e5 c5 4. c3 Qb6 5. Nf3 Bd7 6. a3 cxd4 7. cxd4 Bb5 8. Bxb5+ Qxb5 9. Nc3 Qa6 10. Qb3 Nc6 11. Nb5 Rc8 12. Bd2 Nh6 13. Rc1 Nf5 14. O-O h5 15. Bg5 Be7 16. Bxe7 Kxe7 17. Rc5 g5 18. Nxg5 Rhg8 19. Nf3 Ncxd4 20. Nfxd4 Rxc5 21. Nxf5+ exf5 22. Nd6 Ke6 23. Qf3 Kxe5 24. Qxf5+ Kxd6 25. Qf6+ Kc7 26. Qxf7+ Kb6 27. Qxg8 Qe2 28. Qg6+ Rc6 29. Qb1 d4 30. Qd1 Qe4 31. Re1 Qd5 32. Qd3 Rd6 33. Rd1 a6 34. h4 Ka7 35. g3 Qe5 36. Rd2 b5 37. Qe2 Qd5 38. Qe7+ Rd7 39. Qg5 Qc4 40. Qxh5 d3 41. Qd1 Kb6 42. Qe1 a5 43. Qe3+ Ka6 44. h5 b4 45. axb4 axb4 46. h6 Rd6 47. h7 Rd8 48. Qh6+ Ka5 49. Qg5+ Rd5 50. Qxd5+ Qxd5 51. h8=Q Ka4 52. Qh7 Qc4 53. Qxd3 Qc1+ 54. Rd1 Qc6 55. b3+ Ka3 56. Ra1+ Kb2 57. Qd4+ Kxb3 58. Rb1+ Ka2 59. Qb2# 1-0


[Site "https://www.chess.com"]

[Event "Titled Tuesday Blitz February 21 Late 2023"]
[White "Haszon, David"]
[Black "Ibadov, Dashgyn"]
[WhiteFideId "733610"]
[BlackFideId "24107514"]
[WhiteElo "2264"]
[BlackElo "2391"]
[Result "1-0"]
[Round "09"]
[TimeControl "180+2"]
[Date "2023.02.21"]
[WhiteClock "0:00:08"]
[BlackClock "0:00:01"]

1. d4 Nf6 2. Bf4 d5 3. e3 c5 4. Nd2 Nc6 5. Ngf3 Bg4 6. c3 e6 7. h3 Bxf3 8. Nxf3 cxd4 9. exd4 Bd6 10. Ne5 Bxe5 11. Bxe5 Nxe5 12. dxe5 Nd7 13. Bb5 O-O 14. Bxd7 Qxd7 15. O-O Rfc8 16. f4 g6 17. h4 h5 18. Qf3 Rc4 19. Rad1 Rac8 20. f5 exf5 21. Qxd5 Qxd5 22. Rxd5 Rxh4 23. Rd7 Rb8 24. Rfd1 Re4 25. Re7 Kg7 26. Rdd7 Kh6 27. Kf2 Kg5 28. Rxb7 Rd8 29. Rbd7 Rxe5 30. Rxd8 Rxe7 31. c4 h4 32. c5 Kf4 33. Rd4+ Ke5 34. Rxh4 Kd5 35. b4 Re4 36. Rxe4 fxe4 37. g4 f5 38. gxf5 gxf5 39. Ke3 Ke5 40. c6 f4+ 41. Ke2 Kd6 42. b5 e3 43. Kf3 Kc7 44. a4 Kd6 45. Ke2 1-0


[Site "https://www.chess.com"]

[Event "Titled Tuesday Blitz February 21 Late 2023"]
[White "Vaglio Mattey, Emanuel"]
[Black "Drnovsek, Gal"]
[WhiteFideId "6504167"]
[BlackFideId "14607077"]
[WhiteElo "2155"]
[BlackElo "2397"]
[Result "1-0"]
[Round "09"]
[TimeControl "180+2"]
[Date "2023.02.21"]
[WhiteClock "0:00:36"]
[BlackClock "0:01:39"]

1. d4 Nf6 2. Nf3 g6 3. Bg5 Bg7 4. Nbd2 O-O 5. e3 c6 6. c3 d6 7. a4 Qc7 8. a5 e5 9. Bxf6 Bxf6 10. Be2 Re8 11. O-O e4 12. Ne1 d5 13. c4 Bg7 14. cxd5 cxd5 15. Nb3 Nc6 16. Rc1 f5 17. Nc2 f4 18. exf4 Qxf4 19. Ne3 Be6 20. a6 Rab8 21. axb7 Ne7 22. Nc5 Bf7 23. g3 Qd6 24. Bb5 Red8 25. Qa4 Nf5 26. Rfd1 Nxe3 27. fxe3 Bh6 28. Re1 Be8 29. Na6 Bxb5 30. Qxb5 Rf8 31. Nxb8 Qf6 32. Qe2 1-0


[Site "https://www.chess.com"]

[Event "Titled Tuesday Blitz February 21 Late 2023"]
[White "Santos Flores, Alberto"]
[Black "Goncalves, Davi Sulzbacher"]
[WhiteFideId "3601234"]
[BlackFideId "2154510"]
[WhiteElo "2164"]
[BlackElo "2282"]
[Result "1-0"]
[Round "09"]
[TimeControl "180+2"]
[Date "2023.02.21"]
[WhiteClock "0:01:45"]
[BlackClock "0:00:18"]

1. e4 c6 2. d4 d5 3. Nc3 dxe4 4. Nxe4 Nd7 5. Bc4 Ngf6 6. Ng5 e6 7. Qe2 Nb6 8. Bb3 Be7 9. N5f3 O-O 10. Ne5 Nbd7 11. Ngf3 Nxe5 12. Nxe5 c5 13. dxc5 Qa5+ 14. Bd2 Qxc5 15. O-O-O Bd7 16. Nxd7 Nxd7 17. Be3 Qc6 18. Qc4 Qxc4 19. Bxc4 Nb6 20. Bb3 Rfc8 21. Kb1 Kf8 22. a4 Bc5 23. a5 Bxe3 24. fxe3 Nc4 25. Rd7 Nxa5 26. Rf1 f6 27. Bxe6 Rc6 28. Bd5 Nc4 29. Bxc6 Nd2+ 30. Rxd2 1-0


[Site "https://www.chess.com"]

[Event "Titled Tuesday Blitz February 21 Late 2023"]
[White "Carrasco Miranda, Andres"]
[Black "Grycel, Kamil"]
[WhiteFideId "3405990"]
[BlackFideId "1115499"]
[WhiteElo "2240"]
[BlackElo "2315"]
[Result "1/2-1/2"]
[Round "09"]
[TimeControl "180+2"]
[Date "2023.02.21"]
[WhiteClock "0:00:06"]
[BlackClock "0:00:46"]

1. d4 b6 2. c4 Bb7 3. Nc3 Nf6 4. Nf3 d5 5. cxd5 Nxd5 6. Qa4+ c6 7. e4 Nxc3 8. bxc3 e6 9. Bd3 Be7 10. O-O O-O 11. Be3 c5 12. Rfd1 Qc7 13. Rac1 Rd8 14. Bg5 Nc6 15. Bxe7 Qxe7 16. d5 Na5 17. c4 e5 18. Bf1 Rd6 19. Qc2 Rad8 20. Qc3 f6 21. Nh4 Bc8 22. Rd3 g5 23. Nf5 Bxf5 24. exf5 Nb7 25. h4 h6 26. hxg5 hxg5 27. Rh3 Qg7 28. Be2 Kf7 29. Bh5+ Ke7 30. Bg6 Rh8 31. Rxh8 Qxh8 32. Qa3 Na5 33. Rc3 Qh4 34. Rh3 Qxc4 35. Rh7+ Kd8 36. Qh3 Qc1+ 37. Kh2 Qf4+ 38. Kg1 Rxd5 39. Rh8+ Kc7 40. Rh7+ Rd7 41. Rxd7+ Kxd7 42. Qh7+ Kd6 43. Qf7 Qc1+ 44. Kh2 Qf4+ 45. Kg1 c4 46. Qxf6+ Kc5 47. Qe7+ Kd4 48. f6 c3 49. f7 Qc1+ 50. Kh2 Qf4+ 51. Kg1 Qc1+ 52. Kh2 Qf4+ 53. Kg1 1/2-1/2


[Site "https://www.chess.com"]

[Event "Titled Tuesday Blitz February 21 Late 2023"]
[White "Rios Escobar, Adan"]
[Black "Golubev, Mikhail"]
[WhiteFideId "3403645"]
[BlackFideId "14100983"]
[WhiteElo "2234"]
[BlackElo "2461"]
[Result "1-0"]
[Round "09"]
[TimeControl "180+2"]
[Date "2023.02.21"]
[WhiteClock "0:00:06"]
[BlackClock "0:00:01"]

1. d4 Nf6 2. g3 c5 3. d5 e6 4. c4 exd5 5. cxd5 d6 6. Nc3 g6 7. Nf3 Bg7 8. Bg2 O-O 9. O-O Re8 10. Re1 Na6 11. Nd2 Nc7 12. a4 b6 13. Nc4 Ba6 14. Na3 Qd7 15. Qb3 Bb7 16. Nab5 Nxb5 17. axb5 Ng4 18. Bh3 f5 19. Bxg4 fxg4 20. e4 Bxc3 21. bxc3 Qf7 22. c4 Rf8 23. Ra2 h5 24. Rae2 a6 25. Bb2 axb5 26. Qc3 Kh7 27. cxb5 Ra5 28. Qd3 Qf3 29. Qc4 h4 30. Rd2 h3 31. Qf1 Ra4 32. Re3 Qf7 33. Qc1 Rb4 34. Qd1 Bc8 35. Qf1 Bd7 36. f4 gxf3 37. Rf2 Rxb5 38. e5 1-0


[Site "https://www.chess.com"]

[Event "Titled Tuesday Blitz February 21 Late 2023"]
[White "Bhavikatti, Neil"]
[Black "Mikhalsky, Vladimir"]
[WhiteFideId "30935024"]
[BlackFideId "14144352"]
[WhiteElo "2051"]
[BlackElo "2219"]
[Result "1-0"]
[Round "09"]
[TimeControl "180+2"]
[Date "2023.02.21"]
[WhiteClock "0:00:13"]
[BlackClock "0:00:01"]

1. d4 Nf6 2. c4 g6 3. Nc3 Bg7 4. e4 d6 5. Nf3 O-O 6. Be2 e5 7. dxe5 dxe5 8. Qxd8 Rxd8 9. Nd5 Nxd5 10. cxd5 c6 11. Bc4 b5 12. Bb3 Bb7 13. Bg5 Rd7 14. O-O-O cxd5 15. exd5 e4 16. Nd2 h6 17. Be3 f5 18. Nb1 Na6 19. d6+ Kh7 20. Be6 Rdd8 21. Nc3 b4 22. Nb5 Bc8 23. d7 Bb7 24. Nd6 Bc6 25. Nf7 b3 26. a3 Nc7 27. Nxd8 Rxd8 28. Bxb3 g5 29. Bxa7 Nb5 30. Bb6 Rxd7 31. Rxd7 Bxd7 32. Rd1 Bc8 33. Bc4 Ba6 34. a4 Nd4 35. Bxa6 1-0


[Site "https://www.chess.com"]

[Event "Titled Tuesday Blitz February 21 Late 2023"]
[White "Jorajuria Mendoza, Algol"]
[Black "Bon, Michael"]
[WhiteFideId "5128897"]
[BlackFideId "620696"]
[WhiteElo "2069"]
[BlackElo "2394"]
[Result "1-0"]
[Round "09"]
[TimeControl "180+2"]
[Date "2023.02.21"]
[WhiteClock "0:00:06"]
[BlackClock "0:00:01"]

1. e4 c5 2. Nf3 d6 3. d4 cxd4 4. Nxd4 Nf6 5. Nc3 Nc6 6. Bg5 e6 7. Qd2 a6 8. O-O-O Bd7 9. f4 h6 10. Bh4 Be7 11. Rg1 b5 12. e5 dxe5 13. Nxc6 Bxc6 14. Qe1 Nd7 15. Bxe7 Qxe7 16. fxe5 Qg5+ 17. Kb1 Qxe5 18. Qf2 b4 19. Ne2 O-O 20. g4 Nf6 21. Nc1 Ne4 22. Qb6 Bd5 23. Nd3 Qxh2 24. Bg2 Rab8 25. Qd4 Ng5 26. Bxd5 Rfd8 27. Nxb4 Qd6 28. Nc6 exd5 29. Nxd8 Rxd8 30. Rd3 Ne4 31. Rgd1 Nf6 32. c3 Qe6 33. Rg3 Ne4 34. Re3 Qxg4 35. Rxe4 1-0


[Site "https://www.chess.com"]

[Event "Titled Tuesday Blitz February 21 Late 2023"]
[White "Lorenzo De La Riva, Lazaro"]
[Black "Sonnenschein, Philipp"]
[WhiteFideId "2268809"]
[BlackFideId "16250877"]
[WhiteElo "2404"]
[BlackElo "2224"]
[Result "0-1"]
[Round "09"]
[TimeControl "180+2"]
[Date "2023.02.21"]
[WhiteClock "0:00:08"]
[BlackClock "0:00:16"]

1. d4 Nf6 2. Nc3 d6 3. e4 g6 4. Be3 Bg7 5. Qd2 c6 6. Nf3 b5 7. Bd3 Nbd7 8. h3 Bb7 9. Ne2 a6 10. Ng3 e6 11. O-O c5 12. c3 O-O 13. a4 Qb6 14. a5 Qc7 15. b4 e5 16. d5 Bc8 17. Rac1 c4 18. Bb1 Ne8 19. Nh2 Ndf6 20. f4 exf4 21. Bxf4 Nd7 22. Nf3 Ne5 23. Nxe5 dxe5 24. Be3 Nd6 25. Bc5 f6 26. Rf2 Rf7 27. Rcf1 Bd7 28. Bc2 h5 29. h4 Kh7 30. Bd1 Raf8 31. Be2 Bh6 32. Qd1 Bf4 33. Rxf4 exf4 34. Rxf4 Re8 35. Bxh5 Nxe4 36. Bxg6+ Kxg6 37. Qh5+ Kg7 38. d6 Nxg3 39. Qf3 Qc6 40. Qxg3+ Kh7 41. Qf3 Qxf3 42. Rxf3 Re1+ 43. Kf2 Rd1 44. Bd4 Rd3 45. Rf4 Kg6 46. g4 f5 47. h5+ Kg5 48. Be5 Rd5 0-1


[Site "https://www.chess.com"]

[Event "Titled Tuesday Blitz February 21 Late 2023"]
[White "Zampronha, Wladimir Camilo"]
[Black "Yeritsyan, Hayk"]
[WhiteFideId "2103087"]
[BlackFideId "13307320"]
[WhiteElo "2176"]
[BlackElo "2241"]
[Result "0-1"]
[Round "09"]
[TimeControl "180+2"]
[Date "2023.02.21"]
[WhiteClock "0:00:06"]
[BlackClock "0:00:05"]

1. e4 c6 2. Nf3 d5 3. exd5 cxd5 4. d4 Nf6 5. c3 Bg4 6. Be2 e6 7. Ne5 Bxe2 8. Qxe2 Nc6 9. Qb5 Qc7 10. O-O Bd6 11. Nd2 a6 12. Qe2 Nxe5 13. dxe5 Bxe5 14. Nf3 Bd6 15. Bg5 Be7 16. Ne5 O-O 17. f4 Ne4 18. Bxe7 Qxe7 19. Kh1 Qh4 20. Rf3 Rac8 21. Raf1 Qe7 22. Rh3 g6 23. Qg4 f6 24. Nd3 b5 25. f5 exf5 26. Rxf5 Ng5 27. Rxd5 Nxh3 28. Qxh3 Rcd8 29. Qf3 Rxd5 30. Qxd5+ Qf7 31. Qc6 Rd8 32. Nf2 Qd7 33. Qf3 Qd5 34. Qe2 Qxa2 35. h3 Qf7 36. Ne4 Qe7 37. Qf3 Rf8 38. Qd3 Kg7 39. Qd5 Rd8 40. Qc6 Rd1+ 41. Kh2 Qe5+ 42. Ng3 Qe7 43. Qxa6 Rd3 44. Qxb5 Qd6 45. Qb7+ Kh6 46. Qb8 Qxb8 0-1


[Site "https://www.chess.com"]

[Event "Titled Tuesday Blitz February 21 Late 2023"]
[White "Womacka, Mathias"]
[Black "Ardila, Oscar Humberto"]
[WhiteFideId "4611390"]
[BlackFideId "4404742"]
[WhiteElo "2396"]
[BlackElo "1982"]
[Result "0-1"]
[Round "09"]
[TimeControl "180+2"]
[Date "2023.02.21"]
[WhiteClock "0:00:01"]
[BlackClock "0:00:05"]

1. e4 e5 2. Nf3 Nf6 3. Nxe5 d6 4. Nf3 Nxe4 5. d4 Be7 6. Bd3 Nf6 7. O-O Bg4 8. h3 Bh5 9. c4 O-O 10. Nc3 Nc6 11. Be3 Re8 12. Re1 Nb4 13. Bb1 Qd7 14. d5 a5 15. a3 Na6 16. Bc2 Qc8 17. Ba4 c6 18. Bf4 Nc5 19. dxc6 bxc6 20. Bc2 Qd7 21. Re3 Rad8 22. Qd2 Ne6 23. Bg3 d5 24. cxd5 cxd5 25. Nd4 Bc5 26. Ba4 Qa7 27. Bxe8 Bxd4 28. Ba4 Bxe3 29. fxe3 d4 30. exd4 Rxd4 31. Qf2 Qb7 32. Be5 Rd8 33. Bxf6 gxf6 34. Qxf6 Qb6+ 35. Kh1 Qxb2 36. Rf1 Bg6 37. Bc6 Rc8 38. Bd5 Qxc3 39. Bxe6 Qxf6 40. Rxf6 fxe6 41. Rxe6 Rc3 42. a4 Ra3 43. Ra6 Rxa4 44. Ra7 Kf8 45. Kh2 Bf7 46. g4 Kg7 47. Kg3 h6 48. h4 Ra3+ 49. Kf4 Ra4+ 50. Kg3 Rb4 0-1


[Site "https://www.chess.com"]

[Event "Titled Tuesday Blitz February 21 Late 2023"]
[White "Bambino Filho, Antonio Carlos"]
[Black "Comas Fabrego, Lluis"]
[WhiteFideId "2113163"]
[BlackFideId "2200325"]
[WhiteElo "2144"]
[BlackElo "2424"]
[Result "1-0"]
[Round "09"]
[TimeControl "180+2"]
[Date "2023.02.21"]
[WhiteClock "0:00:20"]
[BlackClock "0:00:02"]

1. e4 c5 2. Nf3 d6 3. d4 cxd4 4. Nxd4 Nf6 5. Nc3 g6 6. Be3 Bg7 7. f3 O-O 8. Qd2 Nc6 9. O-O-O d5 10. Qe1 e5 11. Nxc6 bxc6 12. exd5 Nxd5 13. Bc4 Be6 14. Ne4 Qc7 15. Bc5 Rfd8 16. g4 Nf4 17. Bxe6 Nxe6 18. Qc3 Rd5 19. Bd6 Qa5 20. Qxa5 Rxa5 21. Ba3 Nd4 22. Rhf1 Rd5 23. c3 Nb5 24. Be7 Re8 25. Bf6 Re6 26. g5 Nd6 27. Bxg7 Kxg7 28. Nf6 Rxd1+ 29. Rxd1 Ne8 30. Ne4 f5 31. Rd7+ Kg8 32. Nc5 Rd6 33. Re7 Kf8 34. Rxh7 Kg8 35. Rxa7 Rd5 36. b4 1-0


[Site "https://www.chess.com"]

[Event "Titled Tuesday Blitz February 21 Late 2023"]
[White "Kleiman, Jake"]
[Black "Zhang, Alan"]
[WhiteFideId "2020041"]
[BlackFideId "30936870"]
[WhiteElo "2399"]
[BlackElo "2001"]
[Result "1-0"]
[Round "09"]
[TimeControl "180+2"]
[Date "2023.02.21"]
[WhiteClock "0:02:26"]
[BlackClock "0:01:10"]

1. e4 e5 2. Nf3 Nc6 3. Bb5 a6 4. Ba4 Nf6 5. O-O Be7 6. Bxc6 dxc6 7. d3 Nd7 8. b3 f6 9. Bb2 c5 10. Nbd2 b6 11. Nc4 Bb7 12. Nh4 O-O 13. Nf5 g6 14. Nxe7+ Qxe7 15. f4 Rae8 16. Qg4 b5 17. Ne3 f5 18. Nxf5 Qd8 19. Qg3 exf4 20. Nh6# 1-0


[Site "https://www.chess.com"]

[Event "Titled Tuesday Blitz February 21 Late 2023"]
[White "Arencibia Monduy, Antonio"]
[Black "Manu_ChessExcelsior"]
[WhiteFideId "3507939"]
[WhiteElo "2122"]
[BlackElo "2095"]
[Result "1-0"]
[Round "09"]
[TimeControl "180+2"]
[Date "2023.02.21"]
[WhiteClock "0:00:23"]
[BlackClock "0:00:02"]

1. e4 c5 2. Nf3 Nc6 3. c3 Nf6 4. e5 Nd5 5. d4 cxd4 6. cxd4 d6 7. Bc4 Nb6 8. Bb5 a6 9. Bxc6+ bxc6 10. O-O g6 11. Bf4 Bg7 12. exd6 exd6 13. Re1+ Be6 14. Ng5 Qd7 15. Nxe6 fxe6 16. Nc3 O-O 17. Bg3 Rae8 18. Ne4 e5 19. dxe5 dxe5 20. Qc2 Nd5 21. Rad1 Qf5 22. Qxc6 Nf4 23. Qxa6 Re6 24. Qc4 Kh8 25. b4 Ree8 26. a4 Rc8 27. Nc5 h5 28. Qe4 Qg4 29. h3 Qg5 30. a5 h4 31. Bxf4 Rxf4 32. Qb7 Rd8 33. Rxd8+ Qxd8 34. Ne6 Qd2 35. Qxg7# 1-0


[Site "https://www.chess.com"]

[Event "Titled Tuesday Blitz February 21 Late 2023"]
[White "Hirneise, Jens"]
[Black "Miszler, Levente"]
[WhiteFideId "24614734"]
[BlackFideId "763276"]
[WhiteElo "2277"]
[BlackElo "2271"]
[Result "1-0"]
[Round "09"]
[TimeControl "180+2"]
[Date "2023.02.21"]
[WhiteClock "0:00:28"]
[BlackClock "0:02:06"]

1. e4 e6 2. d4 d5 3. e5 f6 4. exf6 Nxf6 5. Nf3 Bd6 6. Bd3 O-O 7. O-O c5 8. c3 Nc6 9. Re1 Qc7 10. Bg5 Ng4 11. h3 Bh2+ 12. Kf1 Nxf2 13. Kxf2 Qg3+ 14. Kf1 Qxg5 15. Re2 e5 16. Rf2 Qg3 17. dxe5 Nxe5 18. Be2 Bxh3 19. gxh3 Qg1+ 20. Nxg1 Bg3 21. Rxf8+ Rxf8+ 22. Kg2 Bh4 23. Qxd5+ 1-0


[Site "https://www.chess.com"]

[Event "Titled Tuesday Blitz February 21 Late 2023"]
[White "Kovalevsky, Stanislav"]
[Black "Deng, Henry"]
[WhiteFideId "13508598"]
[BlackFideId "30965454"]
[WhiteElo "2237"]
[BlackElo "2168"]
[Result "1-0"]
[Round "09"]
[TimeControl "180+2"]
[Date "2023.02.21"]
[WhiteClock "0:01:25"]
[BlackClock "0:01:44"]

1. c4 c6 2. Nc3 d5 3. cxd5 cxd5 4. d4 Nf6 5. g3 Bf5 6. Bg2 e6 7. Nf3 Nc6 8. O-O Bb4 9. Ne5 Nxe5 10. dxe5 Nd7 11. e4 Bxc3 12. exf5 Bxe5 13. fxe6 fxe6 14. Qh5+ g6 15. Qh6 Qe7 16. Re1 O-O-O 17. Bg5 Bf6 18. Bf4 Bxb2 19. Rab1 Qa3 20. Rxe6 Qxa2 21. Rbe1 Nb6 22. Qh3 Rd7 23. Re8+ Rxe8 24. Rxe8# 1-0


[Site "https://www.chess.com"]